 Dungeon Crawl Stone Soup version 0.17.0-26-gececa24 (webtiles) character file.

129563 oplop the Pandemonic (level 16, 0/126 HPs)
             Began as a Demonspawn Gladiator on Nov 19, 2015.
             Was a High Priest of Makhleb.
             Shot with an arrow by a deep elf master archer (23 damage)
             ... on level 3 of the Elven Halls on Nov 20, 2015.
             The game lasted 01:51:09 (30798 turns).

oplop the Pandemonic (Demonspawn Gladiator)        Turns: 30798, Time: 01:51:09

Health: 0/126      AC: 18    Str: 20    XL:     16   Next: 51%
Magic:  0/29       EV: 18    Int:  5    God:    Makhleb [*****.]
Gold:   2255       SH:  0    Dex: 22    Spells: 1 memorised, 25 levels left

rFire  . . .     SeeInvis +     r - +1 glaive (chop)
rCold  + . .     Clarity  .     F - +6 scale mail of Ypses {rElec}
rNeg   . . .     SustAt   +     (shield currently unavailable)
rPois  .         Gourm    .     (helmet unavailable)
rElec  +         Spirit   +     Y - +2 cloak {+Inv}
rCorr  .         Warding  .     C - +2 pair of gloves
rMut   .         Stasis   .     Z - +1 pair of boots
MR     ++...                    a - amulet of regeneration
Stlth  ++++......               S - +3 ring of evasion
                                w - ring of Meamel {SustAt rC+ Int-2 Dex+5}

@: corroded equipment, very slightly contaminated, invisible, very resistant to
hostile enchantments, stealthy
A: antennae 3, icy blue scales 2, dopey 1, magic resistance 1, mutation
resistance 1, nightstalker 3, regeneration 1, magic shield
a: Minor Destruction, Lesser Servant of Makhleb, Major Destruction, Greater
Servant of Makhleb, Renounce Religion


You were on level 3 of the Elven Halls.
You worshipped Makhleb.
Makhleb was extremely pleased with you.
You were not hungry.

You visited 4 branches of the dungeon, and saw 30 of its levels.
You visited the Abyss 1 time.
You also visited: Labyrinth, Sewer, Bailey, Ice Cave and Volcano.

You collected 3090 gold pieces.
You spent 835 gold pieces at shops.

Inventory:

Hand Weapons
 i - a +1 glaive of venom
 r - a +1 glaive of chopping (weapon)
 T - a +2 halberd of flaming
Missiles
 d - 6 throwing nets
 l - 17 tomahawks (quivered)
Armour
 C - a +2 pair of gloves (worn)
 F - the +6 scale mail of Ypses (worn) {rElec}
   (You found it on level 7 of the Dungeon)

   It insulates you from electricity.
 Y - a +2 cloak of invisibility (worn)
 Z - a +1 pair of boots (worn)
Jewellery
 a - an amulet of regeneration (around neck)
 j - an uncursed ring of magical power
 w - the ring of Meamel (left hand) {SustAt rC+ Int-2 Dex+5}
   (You found it on level 7 of the Lair of Beasts)

   [ring of sustain attributes]

   It sustains your strength, intelligence and dexterity.
   It affects your intelligence (-2).
   It affects your dexterity (+5).
   It protects you from cold.
 A - an uncursed ring of protection from cold
 E - an uncursed ring of protection from fire
 R - an uncursed ring of protection from magic
 S - a +3 ring of evasion (right hand)
Wands
 g - a wand of digging (4)
 k - a wand of cold (5)
 o - a wand of fire (6)
 z - a wand of teleportation (2)
 J - a wand of frost (20)
 O - a wand of hasting (2)
 X - a wand of disintegration (11)
Scrolls
 c - 4 scrolls of magic mapping
 m - 17 scrolls of remove curse
 q - 9 scrolls of enchant armour
 s - 20 scrolls of teleportation
 t - 6 scrolls of amnesia
 v - 4 scrolls of immolation
 y - 7 scrolls of enchant weapon
 H - 5 scrolls of recharging
 I - 2 scrolls of summoning
 P - 9 scrolls of blinking
 U - 2 scrolls of identify
 V - a scroll of acquirement
Potions
 b - 3 potions of magic
 f - 6 potions of brilliance
 h - 9 potions of curing
 u - 6 potions of haste
 x - 3 potions of heal wounds
 D - 6 potions of resistance
 L - 5 potions of agility
 M - 5 potions of berserk rage
 N - 3 potions of might
 Q - 5 potions of flight
Books
 p - a Fen Folio

   Spells                             Type                      Level
   a - Corpse Rot                     Necromancy                   2
   b - Stone Arrow                    Conjuration/Earth            3
   c - Leda's Liquefaction            Hexes/Earth                  4
   d - Summon Forest                  Summoning/Translocation      5
   e - Hydra Form                     Transmutation                6
   f - Summon Hydra                   Summoning                    7
 G - a book of Death

   Spells                             Type                      Level
   a - Corpse Rot                     Necromancy                   2
   b - Sublimation of Blood           Necromancy                   2
   c - Agony                          Necromancy                   5
   d - Dispel Undead                  Necromancy                   5
   e - Excruciating Wounds            Charms/Necromancy            5
   f - Bolt of Draining               Conjuration/Necromancy       5
Miscellaneous
 K - a lantern of shadows
Comestibles
 e - 13 bread rations
 n - a chunk of flesh
 B - 8 meat rations


   Skills:
 - Level 11.4 Fighting
 + Level 15.6 Polearms
 - Level 4.4 Throwing
 - Level 8.0 Armour
 - Level 7.8 Dodging
 - Level 6.0 Spellcasting
 - Level 5.7 Charms
 - Level 6.0 Air Magic
 + Level 18.1 Invocations


You had 25 spell levels left.
You knew the following spells:

 Your Spells              Type           Power        Failure   Level  Hunger
a - Repel Missiles        Chrm/Air       #.....       12%         2    ###....


Dungeon Overview and Level Annotations

Branches:
Dungeon (15/15)            Temple (0/1) D:7            Lair (8/8) D:11
 Shoals (0/4) Lair:6       Spider (0/4) Lair:4        Slime (0/6) Lair:6
    Orc (4/4) D:10            Elf (3/3) Orc:3        Depths (0/5) D:15
 Vaults: D:13-14

Altars:
Ashenzari
Cheibriados
Dithmenos
Elyvilon
Kikubaaqudgha
Makhleb
Okawaru
Ru
Sif Muna
Trog
Vehumet
Xom
Yredelemnul
Zin
The Shining One
Beogh
Jiyva

Shops:
D:5 (   Orc:4 ?}?[   Elf:1 *   Elf:2 !

Annotations:
D:5 exclusion: moth of wrath
D:12 exclusion: 2 statues
Elf:1 exclusion: Roxanne, Roxanne


Innate Abilities, Weirdness & Mutations

You have a pair of large antennae on your head (SInv).
You are mostly covered in icy blue scales (AC +3, EV -1).
You are completely attuned to the shadows.
When hurt, damage is shared between your health and your magic reserves.
You are dopey. (Int -2)
You are resistant to hostile enchantments.
You are somewhat resistant to further mutation.
Your natural rate of healing is unusually fast.


Message History

The arrow closely misses you.
You are very lightly contaminated with residual magic.
Drink which item? (? for menu, Esc to quit)
You feel much better.
The deep elf master archer shoots an arrow.
The arrow closely misses you.
You catch the helpless deep elf master archer completely off-guard!
You slice the deep elf master archer!!
The deep elf master archer is heavily wounded.
The deep elf master archer shoots an arrow.
The arrow hits you!!
* * * LOW HITPOINT WARNING * * *
The deep elf master archer shoots an arrow.
The arrow hits you!
* * * LOW HITPOINT WARNING * * *
Drink which item? (? for menu, Esc to quit)
You feel much better.
The deep elf master archer shoots an arrow.
The arrow hits you!!
You die...

.#########..####
#..# #..# .#
#.!# #..# #..#
.# #..# #..#
#..# .# #..#
#..# #..# .#
#..# ##.)# #..#
## #### ##..##
#### ##.#.# #
##e##{# #
##.#@#.# #
##.####{# #
##.## #)# #.##
#.# ### ###.###
###.....## { {
#......{..# {
{.e{....e..{ {
...........


You could see a deep elf master archer.

Vanquished Creatures
  Nikola (Elf:1)
  Agnes (Elf:2)
  Donald (Elf:1)
  A deep elf sorcerer (Elf:2)
  A fire giant (D:15)
  A deep elf demonologist (Elf:2)
  A deep elf death mage (Elf:3)
  A fire dragon (D:15)
  A minotaur (Lab)
  A deep elf high priest (Elf:1)
  Harold (D:11)
  Erolcha (Orc:4)
  6 centaur warriors
  3 hydras
  A catoblepas (Lair:8)
  9 dancing weapons (Elf:2)
  6 death yaks
  2 tengu warriors
  2 deep elf knights (Elf:2)
  2 ice devils (IceCv)
  3 hill giants
  An unseen horror (D:14)
  A necromancer (IceCv)
  6 deep elf summoners
  An orc knight (Bailey)
  An orb spider (Lair:4)
  A wolf spider zombie (D:14)
  3 orc sorcerers (Orc:4)
  4 deep elf conjurers
  A griffon (Lair:7)
  5 ugly things
  Maurice (Orc:4)
  2 manticores
  3 ice statues (IceCv)
  3 centaur zombies
  8 elephants
  17 spiny frogs
  7 black mambas
  3 centaur skeletons
  A gargoyle (D:13)
  A kobold demonologist (D:15)
  2 yaktaurs (D:15)
  10 trolls
  2 queen bees
  7 komodo dragons
  A tengu conjurer (D:14)
  8 blue devils (IceCv)
  10 deep elf priests
  2 fire drakes
  5 polar bears
  21 blink frogs
  A boulder beetle (Lair:7)
  13 deep elf magi
  3 slime creatures
  A two-headed ogre (D:15)
  A snapping turtle (Lair:6)
  A trapdoor spider (D:14)
  A vampire (D:15)
  10 deep elf fighters
  A basilisk (D:15)
  2 wraiths (D:13)
  A wyvern (D:13)
  3 vampire mosquitoes (Lair:8)
  17 yaks
  3 hogs
  10 hippogriffs
  Menkaure (D:4)
  A soldier ant (D:12)
  6 insubstantial wisps (Abyss:1)
  Edmund (D:5)
  A hungry ghost (D:6)
  8 water moccasins
  5 sky beasts
  3 wargs
  A hell hound (Volcano)
  15 wolves
  A black bear (D:10)
  Duvessa (D:6)
  6 ice beasts
  7 porcupines
  24 orc warriors
  18 ogres
  A wasp (D:13)
  A necrophage (D:8)
  11 centaurs
  15 crocodiles
  32 giant frogs
  A brain worm (D:12)
  A gnoll sergeant (D:10)
  5 big kobolds
  Dowan (D:6)
  A wyvern skeleton (D:10)
  4 scorpions
  A water moccasin skeleton (D:6)
  39 killer bees
  A quasit (D:13)
  3 vampire bats (D:7)
  3 wights (D:14)
  A draconian simulacrum (IceCv)
  3 giant frog zombies
  6 electric eels
  4 hounds
  16 orc priests
  10 iguanas
  6 crimson imps
  40 orc wizards
  3 giant frog skeletons
  4 jellies
  9 worker ants
  9 sheep
  2 centaur simulacra (IceCv)
  A hound skeleton (D:5)
  41 river rats
  2 worker ant zombies
  13 adders
  19 gnolls
  3 ogre simulacra (IceCv)
  2 shadow imps
  2 naga simulacra (IceCv)
  An ooze (D:1)
  An adder skeleton (D:9)
  5 worms
  12 giant geckos
  163 orcs
  6 ball pythons
  5 bats
  3 bat skeletons (D:7)
  A bat zombie (D:7)
  9 giant cockroaches
  29 goblins
  20 hobgoblins
  13 jackals
  6 quokkas
  A giant gecko skeleton (D:4)
  8 giant newts
  A jackal zombie (D:5)
  16 kobolds
  A quokka zombie (D:10)
  11 rats
979 creatures vanquished.

Vanquished Creatures (collateral kills)
  Rupert (Orc:4)
  2 deep elf blademasters
  Gastronok (D:12)
  Maud (D:12)
  Louise (D:15)
  A deep elf sorcerer (Elf:3)
  An orc warlord (Bailey)
  A large abomination (Elf:1)
  A catoblepas (D:15)
  A deep elf high priest (Elf:2)
  A hydra (D:13)
  2 ogre magi (Orc:4)
  6 dancing weapons (Elf:2)
  5 deep elf knights
  4 death yaks
  3 skeletal warriors (D:13)
  2 hill giants
  4 orc sorcerers (Orc:4)
  3 deep elf conjurers
  2 ugly things
  A cyclops (D:10)
  2 elephants
  A gargoyle (D:12)
  10 spiny frogs
  A komodo dragon (Lair:8)
  4 deep elf priests
  2 yaktaurs (D:15)
  A troll (D:13)
  13 blink frogs
  A blue devil (IceCv)
  A shadow (D:15)
  5 yaks
  2 deep elf magi
  3 deep elf fighters
  A hippogriff (Lair:8)
  3 hogs (D:12)
  6 vampire mosquitoes (Lair:8)
  A basilisk (Lair:1)
  4 wolves (Lair:4)
  An orc warrior (Orc:1)
  3 water moccasins
  3 ogres
  A big kobold (D:7)
  A centaur (D:14)
  3 crocodiles
  4 gnoll sergeants
  15 giant frogs
  8 killer bees
  2 electric eels (Lair:7)
  A jelly (D:13)
  5 orc wizards (Orc:4)
  An orc priest (Orc:4)
  2 troll simulacra (IceCv)
  A worker ant (D:10)
  5 sheep (Lair:4)
  3 gnolls
  11 orcs
  2 goblins
  A hobgoblin (Bailey)
  A jackal (D:11)
  2 kobolds (D:7)
  A plant (Lair:8)
182 creatures vanquished.

Vanquished Creatures (others)
  Kirke (D:12)
  A deep elf fighter (Volcano)
  A centaur (Volcano)
  An orc wizard (Orc:4)
  8 fungi
  12 plants
24 creatures vanquished.

Grand Total: 1185 creatures vanquished

Notes
Turn   | Place    | Note
--------------------------------------------------------------
     0 | D:1      | oplop the Demonspawn Gladiator began the quest for the Orb.
     0 | D:1      | Reached XP level 1. HP: 16/16 MP: 1/1
   226 | D:1      | Gained mutation: You are slightly more attuned to the shadows. [demonic ancestry]
   226 | D:1      | Reached XP level 2. HP: 22/22 MP: 2/2
   234 | D:1      | Reached skill level 3 in Polearms
   603 | D:1      | Gained mutation: You have a pair of small antennae on your head. [demonic ancestry]
   603 | D:1      | Reached XP level 3. HP: 10/28 MP: 3/3
   911 | D:2      | Found a shadowy altar of Dithmenos.
  1120 | D:2      | Found a deep blue altar of Sif Muna.
  1121 | D:2      | Found a snail-covered altar of Cheibriados.
  1453 | D:2      | Found an iron altar of Okawaru.
  1455 | D:2      | Found a burning altar of Makhleb.
  1546 | D:2      | Reached XP level 4. HP: 34/34 MP: 4/4
  1678 | D:2      | Found a sacrificial altar of Ru.
  2139 | D:3      | Gained mutation: Your natural rate of healing is unusually fast. [potion of mutation]
  2139 | D:3      | Gained mutation: You are dopey. (Int -2) [potion of mutation]
  2139 | D:3      | Gained mutation: You are resistant to hostile enchantments. [potion of mutation]
  2151 | D:3      | Found a white marble altar of Elyvilon.
  2186 | D:3      | Found a radiant altar of Vehumet.
  2285 | D:3      | Gained mutation: When hurt, damage is shared between your health and your magic reserves. [demonic ancestry]
  2285 | D:3      | Reached XP level 5. HP: 26/41 MP: 4/5
  2813 | D:4      | Found a shattered altar of Ashenzari.
  3002 | D:4      | Reached skill level 4 in Polearms
  3147 | D:4      | Noticed Menkaure
  3171 | D:4      | Killed Menkaure
  3171 | D:4      | Reached XP level 6. HP: 48/48 MP: 6/6
  3315 | D:4      | Found an iron altar of Okawaru.
  3928 | D:2      | Became a worshipper of Makhleb the Destroyer
  3999 | D:5      | Entered Level 5 of the Dungeon
  4246 | D:5      | Found a shimmering altar of Xom.
  4246 | D:5      | Found a shimmering altar of Xom.
  4247 | D:5      | Found a shimmering altar of Xom.
  4247 | D:5      | Found a shimmering altar of Xom.
  4248 | D:5      | Found a shimmering altar of Xom.
  4256 | D:5      | Found a shimmering altar of Xom.
  4271 | D:5      | Reached skill level 1 in Invocations
  4418 | D:5      | Reached skill level 5 in Polearms
  4418 | D:5      | Gained mutation: You are partially covered in icy blue scales (AC +1). [demonic ancestry]
  4418 | D:5      | Reached XP level 7. HP: 46/55 MP: 8/8
  4432 | D:5      | Found Haotefy's Weapon Emporium.
  4485 | D:5      | Noticed a moth of wrath
  4488 | D:5      | Found a bloodstained altar of Trog.
  4671 | D:5      | Noticed Edmund
  4728 | D:5      | Killed Edmund
  4967 | D:6      | Noticed Dowan
  4968 | D:6      | Noticed Duvessa
  4984 | D:6      | Killed Duvessa
  5001 | D:6      | Reached * piety under Makhleb
  5001 | D:6      | Reached skill level 5 in Fighting
  5001 | D:6      | Reached skill level 5 in Dodging
  5002 | D:6      | Killed Dowan
  5041 | D:6      | Reached XP level 8. HP: 56/62 MP: 11/11
  5381 | D:6      | Reached skill level 1 in Armour
  5415 | D:6      | Found a glowing drain.
  5427 | Sewer    | Entered a sewer
  5469 | Sewer    | Reached skill level 6 in Polearms
  5470 | Sewer    | Reached ** piety under Makhleb
  5780 | D:6      | Reached skill level 5 in Invocations
  5952 | D:7      | Found a staircase to the Ecumenical Temple.
  6196 | D:7      | Reached XP level 9. HP: 54/68 MP: 13/13
  6220 | D:7      | Reached skill level 7 in Polearms
  6479 | D:5      | Bought a +1 glaive of chopping for 200 gold pieces
  6530 | D:7      | Got a twisted scale mail
  6544 | D:7      | Identified the +6 scale mail of Ypses {rElec} (You found it on level 7 of the Dungeon)
  6608 | D:7      | Reached *** piety under Makhleb
  7014 | D:7      | Found an ancient bone altar of Kikubaaqudgha.
  7154 | D:8      | Noticed a centaur zombie
  7162 | D:8      | Killed a centaur zombie
  7255 | D:8      | Reached skill level 8 in Polearms
  7936 | D:8      | Gained mutation: You are mostly covered in icy blue scales (AC +3, EV -1). [demonic ancestry]
  7936 | D:8      | Reached XP level 10. HP: 47/76 MP: 15/15
  8269 | D:9      | Reached **** piety under Makhleb
  8455 | D:9      | Got a scorched ring mail
  8466 | D:9      | Identified the +0 ring mail of Onkyz {+Inv MR+} (You found it on level 9 of the Dungeon)
  8592 | D:9      | Found a basalt altar of Yredelemnul.
  8603 | D:9      | Found a glowing golden altar of the Shining One.
  8606 | D:9      | Noticed an angel
  8616 | D:9      | Noticed a profane servitor
  8682 | D:10     | Entered Level 10 of the Dungeon
  8715 | D:10     | Noticed a cyclops
  8723 | D:10     | Killed a cyclops
  8723 | D:10     | Reached skill level 9 in Polearms
  8773 | D:10     | Found a staircase to the Orcish Mines.
  8802 | D:10     | Reached skill level 5 in Armour
  8852 | D:10     | Noticed a hill giant
  8868 | D:10     | Killed a hill giant
  9228 | D:10     | Reached skill level 10 in Polearms
  9451 | D:10     | Reached XP level 11. HP: 64/84 MP: 12/17
  9635 | D:10     | Gained mutation: You are somewhat resistant to further mutation. [potion of beneficial mutation]
  9932 | D:11     | Noticed a hill giant
  9943 | D:11     | Killed a hill giant
  9979 | D:11     | Noticed Harold
 10020 | D:11     | Found a staircase to the Lair.
 10046 | D:11     | Killed Harold
 10177 | D:11     | Reached ***** piety under Makhleb
 10380 | D:11     | Reached skill level 10 in Invocations
 10389 | D:12     | Noticed Kirke
 10445 | D:12     | Found a labyrinth entrance.
 10452 | Lab      | Entered a labyrinth
 10667 | Lab      | Noticed a minotaur
 10671 | Lab      | Noticed a tengu warrior
 10683 | Lab      | Killed a minotaur
 10697 | Lab      | Got a dazzling great sword
 10698 | Lab      | Identified the +0 great sword of Oxemyihu {antimagic, +Inv +Fly rF+} (You found it in a labyrinth)
 10701 | Lab      | Identified a +3 rod of shadows (12/12) (You found it in a labyrinth)
 10703 | Lab      | Identified a +5 rod of shadows (1/14) (You took it off a minotaur in a labyrinth)
 10737 | D:12     | Noticed Gastronok
 10801 | D:12     | Killed Gastronok
 10801 | D:12     | Reached skill level 11 in Polearms
 10974 | D:12     | Noticed a lindwurm
 10975 | D:12     | Killed Kirke
 11241 | D:12     | Noticed Maud
 11248 | D:12     | Noticed a hill giant
 11357 | D:12     | Killed Maud
 11357 | D:12     | Gained mutation: You have a pair of antennae on your head. [demonic ancestry]
 11357 | D:12     | Reached XP level 12. HP: 39/94 MP: 18/20
 11391 | D:12     | Killed a hill giant
 11855 | D:13     | Noticed an eight-headed hydra
 11888 | D:13     | Noticed a centaur warrior
 11891 | D:13     | Killed a centaur warrior
 12054 | D:13     | Noticed a vault guard
 12076 | D:13     | Learned a level 2 spell: Repel Missiles
 12277 | D:13     | Noticed a centaur warrior
 12294 | D:13     | Killed a centaur warrior
 12294 | D:13     | Reached skill level 1 in Spellcasting
 12294 | D:13     | Reached skill level 1 in Charms
 12294 | D:13     | Reached skill level 1 in Air Magic
 12406 | D:13     | Killed an eight-headed hydra
 12406 | D:13     | Reached skill level 12 in Polearms
 12492 | D:13     | Noticed a vault guard
 12773 | D:13     | Noticed a vault guard
 12913 | Lair:1   | Entered Level 1 of the Lair of Beasts
 13783 | Lair:2   | Found a dark tunnel.
 13791 | Volcano  | Entered a volcano
 14257 | Lair:2   | Gained mutation: You are significantly more attuned to the shadows. [demonic ancestry]
 14257 | Lair:2   | Reached XP level 13. HP: 101/101 MP: 21/21
 14278 | Lair:2   | Got a crystal broad axe
 14279 | Lair:2   | Identified the +6 broad axe of Rudy {chop, +Rage} (You found it on level 2 of the Lair of Beasts)
 16052 | Lair:4   | Reached skill level 5 in Air Magic
 16380 | Lair:4   | Reached skill level 5 in Spellcasting
 16696 | Lair:4   | Reached skill level 5 in Charms
 16919 | Lair:4   | Found a hole to the Spider Nest.
 17531 | Lair:5   | Identified a +0 rod of inaccuracy (14/14) (You found it on level 4 of the Lair of Beasts)
 18070 | Lair:6   | Found a viscous altar of Jiyva.
 18439 | Lair:6   | Found a staircase to the Slime Pits.
 18442 | Lair:6   | Noticed an Executioner
 18609 | Lair:6   | Found a staircase to the Shoals.
 19029 | Lair:7   | Reached skill level 13 in Invocations
 19033 | Lair:7   | Gained mutation: You are completely attuned to the shadows. [demonic ancestry]
 19033 | Lair:7   | Reached XP level 14. HP: 79/108 MP: 15/23
 19036 | Lair:7   | Reached ****** piety under Makhleb
 19257 | Lair:7   | Got a pitted copper ring
 19259 | Lair:7   | Identified the ring of Meamel {SustAt rC+ Int-2 Dex+5} (You found it on level 7 of the Lair of Beasts)
 20153 | Lair:8   | Entered Level 8 of the Lair of Beasts
 20690 | Lair:8   | Reached skill level 14 in Invocations
 21743 | D:14     | Noticed a centaur warrior
 21765 | D:14     | Killed a centaur warrior
 21789 | D:14     | Noticed a centaur warrior
 21950 | D:14     | Reached skill level 10 in Fighting
 22188 | D:14     | Killed a centaur warrior
 22336 | D:14     | Found a glowing silver altar of Zin.
 22336 | D:14     | Noticed an angel
 22417 | D:15     | Entered Level 15 of the Dungeon
 22522 | D:15     | Found a frozen archway.
 22525 | D:15     | Noticed Louise
 22533 | D:15     | Killed Louise
 22537 | IceCv    | Entered an ice cave
 22588 | IceCv    | Reached skill level 15 in Invocations
 22614 | IceCv    | Gained mutation: You have a pair of large antennae on your head (SInv). [demonic ancestry]
 22614 | IceCv    | Reached XP level 15. HP: 87/116 MP: 14/26
 23413 | D:15     | Found a staircase to the Depths.
 23413 | D:15     | Noticed a fire giant
 23423 | D:15     | Killed a fire giant
 24134 | Orc:1    | Entered Level 1 of the Orcish Mines
 24175 | Orc:1    | Found a flagged portal.
 25082 | Orc:3    | Found a flagged portal.
 25090 | Bailey   | Entered a bailey
 25577 | Bailey   | Identified 2 scrolls of acquirement
 25780 | Orc:3    | Found a staircase to the Elven Halls.
 26230 | Orc:4    | Entered Level 4 of the Orcish Mines
 26230 | Orc:4    | Noticed Maurice
 26704 | Orc:4    | Noticed Rupert
 26729 | Orc:4    | Killed Rupert
 26729 | Orc:4    | Reached skill level 16 in Invocations
 26782 | Orc:4    | Found an ancient bone altar of Kikubaaqudgha.
 26819 | Orc:4    | Found Ikat's Magic Scroll Emporium.
 26824 | Orc:4    | Bought a scroll of teleportation for 39 gold pieces
 26824 | Orc:4    | Bought a scroll of teleportation for 39 gold pieces
 26824 | Orc:4    | Bought a scroll of identify for 26 gold pieces
 26837 | Orc:4    | Found Qiotue's Antique Armour Shoppe.
 26864 | Orc:4    | Found a radiant altar of Vehumet.
 26864 | Orc:4    | Noticed Erolcha
 26868 | Orc:4    | Killed Erolcha
 26879 | Orc:4    | Found Xiej's Gadget Emporium.
 26905 | Orc:4    | Found a roughly hewn altar of Beogh.
 26911 | Orc:4    | Found Lomu Qynt's Magic Scroll Emporium.
 26930 | Orc:4    | Bought 2 scrolls of identify for 52 gold pieces
 26930 | Orc:4    | Bought a scroll of enchant weapon for 97 gold pieces
 26930 | Orc:4    | Bought a scroll of magic mapping for 45 gold pieces
 27094 | Orc:4    | Killed Maurice
 27626 | Elf:1    | Entered Level 1 of the Elven Halls
 27646 | Elf:1    | Noticed Donald
 27658 | Elf:1    | Killed Donald
 27786 | Elf:1    | Noticed Roxanne
 27849 | Elf:1    | Noticed Nikola
 27863 | Elf:1    | Killed Nikola
 28061 | Elf:1    | Found Obihunere's General Store.
 28066 | Elf:1    | Bought a scroll of blinking for 90 gold pieces
 28456 | Elf:2    | Noticed Agnes
 28463 | Elf:2    | Killed Agnes
 28477 | Elf:2    | Found Jitzib's Distillery.
 28511 | Elf:2    | Bought a potion of heal wounds for 65 gold pieces
 28511 | Elf:2    | Bought 2 potions of curing for 78 gold pieces
 28511 | Elf:2    | Bought a potion of curing for 39 gold pieces
 28511 | Elf:2    | Bought a potion of heal wounds for 65 gold pieces
 28716 | Elf:2    | Reached XP level 16. HP: 126/126 MP: 28/28
 28717 | Elf:2    | Found a huge runed gate.
 28717 | Elf:2    | Found a huge runed gate.
 28717 | Elf:2    | Found a huge runed gate.
 28717 | Elf:2    | Found a huge runed gate.
 28718 | Elf:2    | Found a huge runed gate.
 28807 | Elf:2    | Cast into the Abyss (a deep elf sorcerer)
 28810 | Abyss:1  | Found a corrupted altar of Lugonu.
 28912 | Elf:2    | Escaped the Abyss
 28917 | Elf:2    | Reached skill level 17 in Invocations
 29277 | Elf:2    | Reached skill level 15 in Polearms
 29285 | Elf:2    | Noticed a deep elf blademaster
 29295 | Elf:2    | Killed a deep elf blademaster
 29803 | Elf:3    | Entered Level 3 of the Elven Halls
 30082 | Elf:3    | Reached skill level 18 in Invocations
 30411 | Elf:3    | Noticed a deep elf blademaster
 30678 | Elf:3    | Killed a deep elf blademaster
 30765 | Elf:3    | Noticed a deep elf master archer
 30766 | Elf:3    | Noticed a deep elf blademaster
 30797 | Elf:3    | HP: 4/126 [deep elf master archer/arrow (10)]
 30798 | Elf:3    | Shot with an arrow by a deep elf master archer

Action                   |  1- 3 |  4- 6 |  7- 9 | 10-12 | 13-15 | 16-18 || total
-------------------------+-------+-------+-------+-------+-------+-------++-------
Melee: Trident           |   114 |   240 |   362 |       |       |       ||   716
       Glaive            |       |       |   158 |   704 |   702 |   278 ||  1842
       Halberd           |       |       |       |       |  1485 |       ||  1485
Throw: Throwing net      |       |       |     1 |     1 |       |       ||     2
 Cast: Repel Missiles    |       |       |       |       |     5 |       ||     5
Invok: Minor Destruction |       |       |    24 |    20 |     6 |     1 ||    51
       Lesser Servant of |       |       |     6 |    26 |    21 |     6 ||    59
       Major Destruction |       |       |       |     5 |    12 |     5 ||    22
       Greater Servant o |       |       |       |     1 |    10 |     3 ||    14
Evoke: Wand              |       |       |       |     1 |     2 |     2 ||     5
       Rod               |       |       |       |       |     1 |       ||     1
  Use: Scroll            |       |    13 |     7 |    11 |    11 |     5 ||    47
       Potion            |       |     3 |     6 |     1 |     5 |     7 ||    22
 Stab: Sleeping          |     5 |     8 |     2 |     1 |    84 |     4 ||   104
       Distracted        |       |       |       |     7 |    40 |     4 ||    51
       Held in net/web   |       |       |       |     1 |       |       ||     1
       Confused          |       |       |       |       |     2 |       ||     2
       Invisible         |       |       |       |       |       |     1 ||     1
  Eat: Chunk             |     2 |     6 |    10 |    18 |    29 |       ||    65
       Pizza             |       |     1 |     1 |     2 |     3 |       ||     7
       Beef jerky        |       |     1 |     1 |       |     2 |     2 ||     6
       Meat ration       |       |       |     1 |       |     2 |     2 ||     5
       Royal jelly       |       |       |       |     1 |     4 |       ||     5
       Fruit             |       |       |       |       |    11 |       ||    11
